cohdb
Replays
Latest Replays
All Replays
Popular Replays
Top Player Replays
Match Explorer
How It Works
Community
CoH3 Stats
Reddit
Sign in to upload your games and track your stats! →
Sign in with Steam
Match 43863532
Unlisted
Match 43863532
Overview
Messages
Build Orders
End
Construct Section Command Post
Royal Engineer Section
Selects Heavy Armor Battlegroup
Dingo Light Scout Car
Infantry Section
Infantry Section
Vickers Machine Gun Team
Selects Light Vehicle Withdraw and Refit
Light Vehicle Withdraw and Refit
Construct Platoon Command Post
Unlock M3 Stuart Light Tanks
Infantry Section
M3 Stuart Light Tank
Selects Rigorous Vehicle Training
Grenade Package
M3 Stuart Light Tank
Selects Forward Repair Assembly
Light Vehicle Withdraw and Refit
Vickers Machine Gun Team
Construct Company Command Post
Crusader II Medium Tank
Foot Guards Section
Crusader II Medium Tank
Matilda II Heavy Tank
Selects Radio Net
Selects Recon Artillery
Foot Guards Section
Recon Artillery
Crusader II Medium Tank
Saba
Brutarius
Grongolock
{-.{-.{ Ur Mom }.-}.-}
0
0
Comments
sign in to comment!
No comments posted yet!